 Dungeon Crawl Stone Soup version 0.28.0 (webtiles) character file.

Game seed: 3151503987725087181

12 DildoBatman the Conjurer (level 2, 0/19 HPs)
             Began as a Formicid Conjurer on Feb 17, 2022.
             Slain by a quokka (3 damage)
             ... on level 1 of the Dungeon.
             The game lasted 00:01:26 (376 turns).

DildoBatman the Conjurer (Formicid Conjurer)         Turns: 376, Time: 00:01:27

Health: 0/19       AC:  2    Str: 11    XL:     2   Next: 45%
Magic:  1/5        EV: 12    Int: 17    God:
Gold:   0          SH:  0    Dex:  9    Spells: 2/5 levels left

rFire   . . .      SeeInvis +   g - +0 short sword
rCold   . . .      Faith    .   (no shield)
rNeg    . . .      Spirit   .   a - +0 robe
rPois   .          Reflect  .   (helmet unavailable)
rElec   .          Harm     .   (no cloak)
rCorr   .          Rampage  .   (no gloves)
Will    .....                   (no boots)
Stlth   ++........              (no amulet)
HPRegen 0.06/turn               (no ring)
MPRegen 0.09/turn               (no ring)

@: no status effects
A: permanent stasis, dig shafts and tunnels, antennae 3, four strong arms
a: Dig, Shaft Self


You were on level 1 of the Dungeon.
You visited 1 branch of the dungeon, and saw 1 of its levels.

Inventory:

Hand Weapons
 g - a +0 short sword (weapon)
Missiles
 f - 2 stones
Armour
 a - a +0 robe (worn)
Scrolls
 b - 2 scrolls of identify {unknown}
 c - a scroll of fog {unknown}
 d - a scroll of noise {unknown}


   Skills:
 - Level 1.7 Dodging
 - Level 2.4 Stealth
 - Level 2.1 Spellcasting
 * Level 4.1 Conjurations


You had 2 spell levels left.
You knew the following spells:

 Your Spells              Type           Power      Damage    Failure   Level
a - Searing Ray           Conj           32%        2d5       5%          2
c - Magic Dart            Conj           64%        1d6       3%          1

Your spell library contained the following spells:

 Spells                   Type           Power      Damage    Failure   Level
 Dazzling Flash           Conj/Hex       16%        N/A       24%         3
 Fulminant Prism          Conj/Hex       4%         3d6       63%         4
 Iskenderun's Mystic Bla  Conj/Tloc      8%         2d4       63%         4


Dungeon Overview and Level Annotations

Branches:
Dungeon (1/15)

Altars:

Shops:
D:1 [


Innate Abilities, Weirdness & Mutations

You cannot be hasted, slowed, berserked, paralysed or teleported.
You can dig through walls and to a lower floor.
You have a pair of large antennae on your head. (SInv)
Your four strong arms can wield two-handed weapons with a shield.


Message History

The kobold throws a stone.
The stone closely misses you.
Casting: Magic Dart (safe; 3% risk of failure)
Confirm with . or Enter, or press ? or * to list all spells.
Aiming: Searing Ray (safe; 5% risk of failure)
Press: ? - help, Shift-Dir - straight line, f - kobold
Aim: a kobold, wielding a +0 club and quivering stones (70% to hit)
The searing ray hits the kobold but does no damage.
The searing ray hits the rat.
You kill the rat!
The searing ray hits the giant cockroach.
The giant cockroach is heavily wounded. (Press . to maintain the ray.)
The searing ray hits the kobold.
The kobold is severely wounded.
The searing ray hits the giant cockroach.
You kill the giant cockroach!
The kobold hits you but does no damage.
The searing ray hits the kobold.
You kill the kobold!
f - 2 stones (gained 1)
Things that are here:
a +0 club; a kobold corpse
Things that are here:
a giant cockroach corpse; a rat corpse The quokka closely misses you.
The quokka bites you.
You miss the quokka. The quokka bites you.
You closely miss the quokka. The quokka bites you.
Casting: Searing Ray (safe; 5% risk of failure)
Confirm with . or Enter, or press ? or * to list all spells.
Aiming: Magic Dart (safe; 3% risk of failure)
Press: ? - help, Shift-Dir - straight line, f - quokka
Aim: a quokka (100% to hit)
The magic dart hits the quokka.
The quokka is almost dead.
The quokka bites you.
You die...

............
............ #
#........... #.
#........... ##.#
#.##.......#
#...#####.##.......#
#......##.r.....# #
#........@...# #.# #.
#..##†####.### #.#
#...#.##.# #.# #.#
##.##.##)# #.# #.#
#....##.# #.## #.#
####.##.####..######.#
#.##.>.........##.####
#.##.#####....g......#
#)##.# #..##.##.##.#


You could see a quokka.

Vanquished Creatures
  A giant cockroach (D:1)
  2 goblins (D:1)
  2 hobgoblins (D:1)
  3 kobolds (D:1)
  4 rats (D:1)
12 creatures vanquished.

Notes
Turn   | Place    | Note
-------+----------+-------------------------------------------
     0 | D:1      | DildoBatman the Formicid Conjurer began the quest for the
                  | Orb.
     0 | D:1      | Reached XP level 1. HP: 13/13 MP: 3/3
   114 | D:1      | Found Peklo's Armour Boutique.
   301 | D:1      | Reached skill level 4 in Conjurations
   301 | D:1      | Reached XP level 2. HP: 19/19 MP: 1/5
   304 | D:1      | Learned a level 2 spell: Searing Ray
   376 | D:1      | Slain by a quokka

Illustrated notes

Levels and vault maps discovered:
D:1:      psy_arrival_statuary, layout_loops_ring, serial_shops,
          nicolae_shop_trees, minmay_indecisive_spiral

Skill      XL: |  1 |
---------------+----+-----
Conjurations   | 4 |  4.1
Dodging        | |  1.7
Stealth        | |  2.4
Spellcasting   | |  2.1

Action                   || total
-------------------------++-------
Melee: Dagger            ||     3
       Short sword       ||     7
 Cast: Magic Dart        ||    16
       Searing Ray       ||     1
 Stab: Sleeping          ||     1
Armor: Robe              ||     3
Dodge: Dodged            ||     4
